 Dungeon Crawl Stone Soup version 0.29-a0-1065-g47a6bb87d6 (webtiles) character file.

Game seed: 3185077157815470299

2353 gelatine the Magician (level 9, -2/65 HPs)
             Began as a Demonspawn Venom Mage on Aug 18, 2022.
             Slain by an orc warrior
             ... wielding a +0 war axe
              (20 damage)
             ... in a bailey.
             The game lasted 00:34:03 (9127 turns).

gelatine the Magician (Demonspawn Venom Mage)       Turns: 9127, Time: 00:34:03

Health: -2/65      AC:  7    Str: 15    XL:     9   Next: 20%
Magic:  4/17       EV: 14    Int: 24    God:
Gold:   490        SH:  0    Dex: 17    Spells: 6/19 levels left

rFire   . . .      SeeInvis .   k - +1 dagger (pain)
rCold   . . .      Faith    .   (no shield)
rNeg    . . .      Spirit   .   a - +1 robe
rPois   +          Reflect  .   i - +0 helmet
rElec   .          Harm     .   (no cloak)
rCorr   .          Rampage  .   j - +2 pair of gloves {Dex+3}
Will    .....                   (no boots)
Stlth   ++........              (no amulet)
HPRegen 0.20/turn               m - +6 ring of strength
MPRegen 0.15/turn               u - ring of poison resistance

@: studying Dodging
A: hooves 1, demonic guardian 1, big brain 2
a: no special abilities


You were in a bailey.
You visited 1 branch of the dungeon, and saw 7 of its levels.
You also visited: Sewer and Bailey.

You collected 490 gold pieces.

Inventory:

Hand Weapons
 h - a +1 dagger of freezing
 k - a +1 dagger of pain (weapon)
 p - a +3 hand axe
 x - a +1 falchion of flaming
Armour
 a - a +1 robe (worn)
 i - a +0 helmet (worn)
 j - a +2 pair of gloves of dexterity (worn)
Jewellery
 m - a +6 ring of strength (left hand)
 u - a ring of poison resistance (right hand)
Scrolls
 c - a scroll of immolation
 d - 4 scrolls of teleportation
 f - a scroll of enchant armour
 q - a scroll of amnesia
 t - 3 scrolls of fear
 y - a scroll of fog
 z - a scroll of brand weapon
Potions
 e - 7 potions of curing
 g - 2 potions of attraction
 l - a potion of cancellation
 n - a potion of lignification
 o - 3 potions of invisibility
 r - 2 potions of heal wounds
 s - a potion of haste
 v - a potion of resistance {unknown}
 w - a potion of mutation {unknown}
 A - a potion of degeneration {unknown}


   Skills:
 * Level 4.0 Fighting
 + Level 0.9 Short Blades
 * Level 5.3 Dodging
 + Level 2.8 Stealth
 + Level 5.9 Spellcasting
 + Level 1.9 Conjurations
 * Level 1.0 Hexes
 * Level 5.5 Necromancy
 + Level 3.1 Transmutations
 + Level 1.0 Air Magic
 + Level 5.7 Poison Magic


You had 6 spell levels left.
You knew the following spells:

 Your Spells              Type           Power      Damage    Failure   Level
a - Sting                 Tmut/Pois      100%       1d8       1%          1
b - Poisonous Vapours     Pois/Air       46%        N/A       3%          2
c - Mephitic Cloud        Conj/Pois/Air  21%        N/A       8%          3
d - Olgreb's Toxic Radia  Pois           34%        N/A       8%          4
e - Tukima's Dance        Hex            12%        N/A       16%         3

Your spell library contained the following spells:

 Spells                   Type           Power      Damage    Failure   Level
 Blink                    Tloc           14%        N/A       12%         2
 Gell's Gravitas          Tloc           7%         N/A       24%         3
 Lesser Beckoning         Tloc           7%         N/A       24%         3
 Teleport Other           Tloc           7%         N/A       24%         3
 Passage of Golubria      Tloc           7%         N/A       63%         4
 Yara's Violent Unravell  Hex/Tmut       8%         3d5       67%         5
 Manifold Assault         Tloc           7%         N/A       92%         5


Dungeon Overview and Level Annotations

Branches:
Dungeon (7/15)             Temple (0/1) D:5           Sewer (visited)
 Bailey (1/1)

Altars:
Gozag
Qazlal
Uskayaw

Annotations:
D:6 1 exclusion


Innate Abilities, Weirdness & Mutations

You have large cloven feet.
A weak demonic guardian rushes to your aid.
You have an extremely huge brain. (Int +4)


Message History

Confirm with . or Enter, or press ? or * to list all spells.
You don't have enough magic to cast this spell.
The orc warrior is engulfed in noxious fumes.
The orc warrior appears confused.
The orc warrior grins madly.
The orc warrior hits you with a +0 war axe!
The orc warrior is engulfed in noxious fumes.
The orc warrior appears confused.
The orc warrior attacks as you move away!
The orc warrior hits you with a +0 war axe.
Casting: Sting (safe; 1% risk of failure)
Confirm with . or Enter, or press ? or * to list all spells.
You don't have enough magic to cast this spell.
You hit the orc warrior but do no damage.
Your kick misses the orc warrior.
The orc warrior is moderately wounded.
The orc warrior looks more healthy.
The orc warrior hits you with a +0 war axe.
The orc warrior is engulfed in noxious fumes.
The orc warrior appears confused.
The orc warrior hits the orc warrior but does no damage.
The orc warrior misses you.
The orc warrior ponders the situation.
You hit the orc warrior but do no damage.
The orc warrior writhes in agony.
You kick the orc warrior, but do no damage.
The orc warrior is severely wounded.
The orc warrior closely misses you.
You hit the orc warrior but do no damage.
The orc warrior writhes in agony.
Your kick misses the orc warrior.
The orc warrior is severely wounded.
The orc warrior hits you with a +0 war axe!
* * * LOW HITPOINT WARNING * * *
A demonic guardian appears!
You hit the orc warrior but do no damage.
The orc warrior writhes in agony.
You kick the orc warrior, but do no damage.
The orc warrior is almost dead.
The orc warrior hits you with a +0 war axe!!
You die...

#####
####._.####
###.o!.(.![.###
##.............#
#...5...........
#...@o.o........
##.............#
###...o.....#
####...####
###'###
##.))..##
#...8...#
#∩.....∩#
##.....##


You could see 4 orc warriors and a friendly iron imp (summoned).

Vanquished Creatures
  A black bear (D:7)
  2 orc warriors (Bailey)
  8 kobold brigands
  A wight (D:7)
  5 scorpions
  A hound (D:6)
  4 jellies
  4 orc priests
  Natasha (thrice) (D:2)
  4 iguanas
  4 orc wizards
  Robin (D:3)
  5 adders
  8 gnolls
  6 river rats
  2 ufetubi (D:5)
  6 worms
  4 dart slugs
  19 orcs
  7 endoplasms
  8 giant cockroaches
  19 goblins
  7 hobgoblins
  22 kobolds
  3 quokkas
  11 ball pythons
  3 bats
  4 frilled lizards
  6 rats
178 creatures vanquished.

Vanquished Creatures (collateral kills)
  A sky beast (D:7)
  An ogre (D:5)
  A kobold brigand (Sewer)
  A river rat (D:3)
  2 worms
  A giant cockroach (D:3)
  2 goblins (D:3)
  2 kobolds
11 creatures vanquished.

Vanquished Creatures (others)
  2 dancing weapons
2 creatures vanquished.

Grand Total: 191 creatures vanquished

Notes
Turn   | Place    | Note
-------+----------+-------------------------------------------
     0 | D:1      | gelatine the Demonspawn Venom Mage began the quest for the
                  | Orb.
     0 | D:1      | Reached XP level 1. HP: 13/13 MP: 3/3
   219 | D:1      | Reached skill level 1 in Transmutations
   219 | D:1      | Gained mutation: A weak demonic guardian rushes to your
                  | aid. [demonic ancestry]
   219 | D:1      | Reached XP level 2. HP: 19/19 MP: 0/5
   753 | D:1      | Reached XP level 3. HP: 19/24 MP: 1/6
  1188 | D:1      | Found a faded altar of an unknown god.
  1540 | D:2      | Noticed Natasha
  1549 | D:2      | Killed Natasha
  1550 | D:2      | HP: 1/24 [kobold/+0 short sword (1)]
  1551 | D:2      | Reached skill level 1 in Necromancy
  1551 | D:2      | Gained mutation: You have large cloven feet. [demonic
                  | ancestry]
  1551 | D:2      | Reached XP level 4. HP: 2/30 MP: 2/8
  1998 | D:2      | Noticed Natasha
  2040 | D:2      | Killed Natasha
  2729 | D:2      | Noticed Natasha
  2735 | D:2      | Killed Natasha
  2955 | D:3      | Identified a scroll of acquirement
  2964 | D:3      | Gained mutation: You have an unusually large brain. (Int
                  | +2) [demonic ancestry]
  2964 | D:3      | Reached XP level 5. HP: 35/35 MP: 6/9
  2966 | D:3      | Noticed Robin
  2982 | D:2      | Learned a level 2 spell: Poisonous Vapours
  2986 | D:2      | Learned a level 3 spell: Mephitic Cloud
  2995 | D:3      | Killed Robin
  3216 | D:3      | Found a glowing drain.
  3225 | Sewer    | Entered a sewer
  3575 | Sewer    | Learned a level 4 spell: Olgreb's Toxic Radiance
  3715 | Sewer    | Reached XP level 6. HP: 41/41 MP: 1/11
  4441 | Sewer    | Reached XP level 7. HP: 41/47 MP: 4/13
  6133 | D:4      | Reached skill level 1 in Conjurations
  6434 | D:4      | Reached skill level 1 in Fighting
  6439 | D:4      | Reached skill level 5 in Spellcasting
  6597 | D:5      | Entered Level 5 of the Dungeon
  6964 | D:5      | Gained mutation: You have an extremely huge brain. (Int +4)
                  | [demonic ancestry]
  6964 | D:5      | Reached XP level 8. HP: 28/54 MP: 9/15
  7107 | D:5      | Found a staircase to the Ecumenical Temple.
  7207 | D:5      | Reached skill level 5 in Poison Magic
  7496 | D:5      | Found an opulent altar of Gozag.
  7497 | D:5      | Found a hide-covered altar of Uskayaw.
  7591 | D:6      | Acquired a +2 pair of gloves of dexterity
  7664 | D:6      | Found a stormy altar of Qazlal.
  8057 | D:6      | Learned a level 3 spell: Tukima's Dance
  8100 | D:7      | Reached skill level 5 in Dodging
  8599 | D:7      | Found a flagged portal.
  8603 | D:7      | Reached skill level 1 in Air Magic
  8613 | Bailey   | Entered a bailey
  8713 | Bailey   | Reached XP level 9. HP: 37/65 MP: 3/17
  8717 | Bailey   | Reached skill level 5 in Necromancy
  9109 | Bailey   | Reached skill level 1 in Hexes
  9112 | Bailey   | Found an iron altar of Okawaru.
  9127 | Bailey   | Slain by an orc warrior

Illustrated notes

Levels and vault maps discovered:
D:1:      sevenhm_arrival_forest_fort_small_3, layout_basic,
          hellmonk_ecumenical_altar_inner_sanctum
D:2:      layout_basic, serial_co_window_serial, co_window_paths_b,
          co_window_paths_a, co_window_paths_b, co_window_corner_a,
          co_window_cross_1, co_window_paths_a, co_window_paths_a,
          co_window_of_opportunity_a, co_window_corner_a, co_window_2corner,
          co_window_broadway_b, co_window_paths_c, co_window_2corner,
          co_window_4corner_b, glass_columns_a, glass_columns_a,
          glass_columns_b, uniq_natasha
D:3:      layout_loops_cross, portal_sewer_entry_e, grunt_decor_arrowhead,
          small_statue_intersection, uniq_robin
D:4:      layout_rooms
D:5:      layout_rooms, gammafunk_temple_overflow_statue,
          minmay_temple_entry_drinking_statues, bh_walls_and_bars
D:6:      layout_cave_pools, nicolae_qazlal_general_emergency
D:7:      layout_basic, nemelex_diamond_rough_becter,
          lightli_bailey_entry_fortress
Bailey:   bailey_axe_3, bailey

Skill      XL: |  1  2  3  4  5  6  7  8  9 |
---------------+----------------------------+-----
Transmutations | 1 2 3 |  3.1
Necromancy     | 1 2 3 4 5 |  5.5
Dodging        | 2 3 4 5 |  5.3
Stealth        | 2 |  2.8
Spellcasting   | 3 4 5 |  5.9
Poison Magic   | 4 5 |  5.7
Conjurations   | 1 |  1.9
Fighting       | 1 3 4 |  4.0
Air Magic      | 1 |  1.0
Hexes          | 1 |  1.0
Short Blades   | |  0.9

Action                   |  1- 3 |  4- 6 |  7- 9 || total
-------------------------+-------+-------+-------++-------
Melee: Dagger            |    12 |    37 |    97 ||   146
       Punch             |     1 |       |       ||     1
       Kick              |       |    11 |    32 ||    43
 Cast: Sting             |    59 |   100 |   160 ||   319
       Poisonous Vapours |       |    13 |    23 ||    36
       Olgreb's Toxic Ra |       |     5 |    19 ||    24
       Mephitic Cloud    |       |       |     4 ||     4
       Tukima's Dance    |       |       |     2 ||     2
  Use: Scroll            |     2 |     6 |    13 ||    21
       Potion            |       |       |     4 ||     4
 Stab: Sleeping          |       |     1 |       ||     1
Armor: Robe              |     6 |    11 |    29 ||    46
Dodge: Dodged            |    24 |    35 |   125 ||   184

Table legend: (Time is in decaauts)
 A = Elapsed time spent in this place.
 B = Non-inter-level travel time spent in this place.
 C = Inter-level travel time spent in this place.
 D = Time resting spent in this place.
 E = Time spent auto-exploring this place.
 F = Levels seen in this place.
 G = Mean time per level.
                   A        B        C        D        E       F      G
               +--------+--------+--------+--------+--------+-----+--------+
         Total |   9294 |   9123 |    171 |    937 |   6505 |   9 | 1032.7 |
       Dungeon |   6915 |   6744 |    171 |    364 |   5151 |   7 |  987.9 |
         Sewer |   1875 |   1875 |      0 |    233 |   1354 |   1 | 1875.0 |
        Bailey |    503 |    503 |      0 |    340 |      0 |   1 |  503.0 |
               +--------+--------+--------+--------+--------+-----+--------+

Top non-repeatable levels by time:
   Sewer: 1875 daAuts
     D:1: 1520 daAuts
     D:2: 1449 daAuts
     D:3: 1263 daAuts
     D:5: 826 daAuts
     D:4: 747 daAuts
     D:6: 566 daAuts
     D:7: 542 daAuts
  Bailey: 503 daAuts
